Workbook
Name __shared_7_0_0: "SUM([.A1:.A8])"
Name __shared_7_11_0: "[.A1]*[.$J$28]"
Name __shared_7_12_0: "[.A1]*[.$K$28]"
Name __shared_7_13_0: "[.A1]*[.$L$28]"
Name __shared_7_15_0: "[.A1]*[.$J$28]"
Name __shared_7_16_0: "[.A1]*[.$K$28]"
Name __shared_7_17_0: "[.A1]*[.$L$28]"
Name __shared_7_26_0: "SUM([.A1:.A4])"
Name __shared_7_3_0: "[.A1]*[.$J$28]"
Name __shared_7_4_0: "[.A1]*[.$K$28]"
Name __shared_7_5_0: "[.A1]*[.$L$28]"
Name __shared_7_7_0: "SUM([.A1:.A9])"
Name __shared_7_9_0: "[.A1]+[.A2]+[.A3]"
Name Print_Area_0: 'Planilha Estimativa'!$A$31:$C$147

Sheet Planilha Estimativa
A1: Planilha Estimativa de Custos e Formação de Preços
A3: INSS - GERÊNCIA EXECUTIVA EM BOA VISTA/RR
A5: PREGÃO ELETRÔNICO Nº
A6: PROCESSO:
A7: DATA E HORA DA ABERTURA: | B7: Dia ____/___/____ às ____: ____ horas
A9: 1 - OBJETO
A10: Contratação dos serviços de movimentação, manuseio, carga e descarga de bens móveis duráveis ou de consumo (estiva), de forma contínua, conforme especificações e quantitativos estabelecidos no instrumento convocatório.
A11: 2 - CONDIÇÕES GERAIS
A12: Conforme Termo de Referência
A14: Discriminação dos Serviços (dados referentes à contratação)
A15: A – Data de apresentação da proposta (dia/mês/ano)
A16: B – Município/UF | B16: Boa Vista/RR
A17: C – Ano Acordo, Convenção ou Sentença Normativa em Dissídio Coletivo | B17: 2022/2022
A18: D – Nº de meses de execução contratual | B18: 30
A19: E – Nº de postos | B19: 2
A21: Mão de obra vinculada à execução contratual
A22: Dados para composição dos custos referente à mão de obra
A23: 1 – Tipo de serviço (mesmo serviço com características distintas) | B23: ESTIVA
A24: 2 – Classificação Brasileira de Ocupações (CBO) | B24: 7832/10
A25: 3 – Salário Normativo da Categoria Profissional | B25: 1240
A26: 4 - Salário Mínimo Nacional | B26: 1212
A27: 5 – Categoria profissional (vinculada à execução contratual) | B27: ESTIVADOR/CARREGADOR
A28: 6 – Data base da categoria (dia/mês/ano) | B28: 01 de janeiro
A29: 7 – Numero de registro da convenção coletiva no MTE: | B29: RR000013/2022
A32: PREÇO FIXO (PF) | B32: Percentuais e Valores de Referência | C32: Carregador
A33: MÓDULO 1: COMPOSIÇÃO DA REMUNERAÇÃO
A34: 1 - Composição da Remuneração | B34: Valores/ Percentuais | C34: Valor (R$)
A35: A - Salário-Base (Cláusula 3ª) | C35: =IF(B25>=B26,B25,B26) -> 1240
A36: B - Adicional de Periculosidade
A37: C - Adicional de Insalubridade
A38: D - Adicional Noturno (incluindo a Hora Noturna Reduzida)
A39: E - Adicional de Hora Noturna Reduzida
A40: F - Outros (especificar)
A41: Total | C41: =SUM(C35:C40) -> 1240
A43: MÓDULO 2: ENCARGOS E BENEFÍCIOS ANUAIS, MENSAIS E DIÁRIOS
A44: 2.1 - 13º Salário e Adicional de Férias | B44: Percentuais | C44: Valor (R$)
A45: A - 13º salário | B45: =1/12 -> 0.083333333 | C45: =ROUND($B45*C$41,2) -> 103.33
A46: B - Férias e Adicional de Férias (O custo com o valor pago ao substituto durante as férias do empregado consta na letra "A" do submódulo 4.1), (custo não renovável conforme Observação em nota de rodapé). | B46: =B45/3 -> 0.027777778 | C46: =ROUND($B46*C$41,2) -> 34.44
A47: Total | B47: =SUM(B45:B46) -> 0.11111111 | C47: =ROUND(SUM(C45:C46),2) -> 137.77
A48: 2.2 - GPS, FGTS e outras contribuições (Incide sobre os Módulos 1 e 2.1) | B48: Percentuais | C48: Valor (R$)
A49: A - INSS | B49: 0.2 | C49: =ROUND($B49*(C$41+C$47),2) -> 275.55
A50: B - Salário Educação | B50: 0.025 | C50: =ROUND($B50*(C$41+C$47),2) -> 34.44
A51: C - SAT (Utilizar o RAT Ajustado conforme GFIP: RAT x FAP) | B51: 0.03 | C51: =ROUND($B51*(C$41+C$47),2) -> 41.33
A52: D - SESI ou SESC | B52: 0.015 | C52: =ROUND($B52*(C$41+C$47),2) -> 20.67
A53: E - SENAI ou SENAC | B53: 0.01 | C53: =ROUND($B53*(C$41+C$47),2) -> 13.78
A54: F - SEBRAE | B54: 0.006 | C54: =ROUND($B54*(C$41+C$47),2) -> 8.27
A55: G - INCRA | B55: 0.002 | C55: =ROUND($B55*(C$41+C$47),2) -> 2.76
A56: F - FGTS | B56: 0.08 | C56: =ROUND($B56*(C$41+C$47),2) -> 110.22
A57: Total | B57: =SUM(B49:B56) -> 0.368 | C57: =ROUND(SUM(C49:C56),2) -> 507.02
A58: 2.3 - Benefícios Mensais e Diários | C58: Valor (R$)
A59: A - Auxílio Transporte (Cláusula 11ª) | C59: =Benefícios!E9 -> 88.4
A60: B - Auxílio Alimentação (Cláusula 10ª) | C60: =Benefícios!E13 -> 428.75
A61: C - Assistência Médica e Familiar
A62: D – Outros (Seguro de Vida) | C62: =Benefícios!E17 -> 8.5
A63: E – Outros
A64: F – Outros
A65: Total | C65: =SUM(C59:C64) -> 525.65
A66: 2 - Encargos e Benefícios Anuais, Mensais e Diários | C66: Valor (R$)
A67: 2.1 - 13º Salário, Férias e Adicional de Férias | B67: =B47 -> 0.11111111 | C67: =C47 -> 137.77
A68: 2.2 - GPS, FGTS e outras contribuições | B68: =B57 -> 0.368 | C68: =C57 -> 507.02
A69: 2.3 - Benefícios Mensais e Diários | C69: =C65 -> 525.65
A70: Total | C70: =SUM(C67:C69) -> 1170.44
A72: MÓDULO 3: PROVISÃO PARA RESCISÃO
A73: 3 - Provisão para Rescisão | C73: Valor (R$)
A74: A - Aviso Prévio Indenizado (Esta parcela deverá ser reduzida após o primeiro ano da contratação para o percentual máximo de 0,042%: Acórdão 1.186/2017-P) | B74: =1/12*0.05 -> 0.0041666667 | C74: =ROUND($B74*C$41,2) -> 5.17
A75: B - Incidência do FGTS sobre Aviso Prévio Indenizado | B75: =B56*B74 -> 0.00033333333 | C75: =ROUND($B75*C$41,2) -> 0.41
A76: C - Multa do FGTS e contribuições sociais sobre o Aviso Prévio Indenizado | B76: =B74*((0.4*B56)+SUM(B50:B55)) -> 0.0005 | C76: =ROUND($B76*C$41,2) -> 0.62
A77: D - Aviso Prévio Trabalhado (Esta parcela deverá ser reduzida após o primeiro ano da contratação para o percentual máximo de 0,194%: Acórdão 1.186/2017-P) | B77: =1/30*7/12 -> 0.019444444 | C77: =ROUND($B77*C$41,2) -> 24.11
A78: E - Incidência de GPS, FGTS e outras contribuições (submódulo 2.2) sobre o Aviso Prévio Trabalhado | B78: =B57*B77 -> 0.0071555556 | C78: =ROUND($B78*C$41,2) -> 8.87
A79: F - Multa do FGTS sobre o Aviso Prévio Trabalhado (Recisões sem justa causa) | B79: =8%*40%*90%*(1+1/12+1/12+1/3*1/12) -> 0.0344 | C79: =ROUND($B79*C$41,2) -> 42.66
A80: Total | B80: =SUM(B74:B79) -> 0.066 | C80: =SUM(C74:C79) -> 81.84
A82: MÓDULO 4: CUSTO DE REPOSIÇÃO DO PROFISSIONAL AUSENTE
A83: 4.1 - Substituto nas Ausências Legais | C83: Valor (R$)
A84: A – Substituto na cobertura de Férias | B84: =1/12 -> 0.083333333 | C84: =ROUND($B84*(C$41+C$70+C80),2) -> 207.69
A85: B – Substituto na cobertura de ausências Legais | B85: ='Estimativa Afastamentos'!C14/30.4375/12 -> 0.010519918 | C85: =ROUND($B85*(C$41+C$70+C$80),2) -> 26.22
A86: C - Substituto na cobertura na licença-Paternidade | B86: =5/30.4375/12*'Estimativa Afastamentos'!D20*'Estimativa Afastamentos'!D19 -> 0.00020533881 | C86: =ROUND($B86*(C$41+C$70+C$80),2) -> 0.51
A87: D - Substituto na cobertura na ausências por acidente de trabalho | B87: ='Estimativa Afastamentos'!D25/30.4375/12 -> 0.0018926762 | C87: =ROUND($B87*(C$41+C$70+C$80),2) -> 4.72
A88: E - Substituto na cobertura de afastamento maternidade | B88: =120/30*'Estimativa Afastamentos'!D29*'Estimativa Afastamentos'!D30 -> 0 | C88: =ROUND($B88*(C$41+C$70+C$80),2) -> 0
A89: F - Substituto na cobertura de outras ausências (especificar) | B89: 0 | C89: =ROUND($B89*(C$41+C$70+C$80),2) -> 0
A90: Total | B90: =SUM(B84:B89) -> 0.095951266 | C90: =ROUND(SUM(C84:C89),2) -> 239.14
A91: 4.2 - Substituto na Intrajornada | C91: Valor (R$)
A92: A - Intrajornada Indenizada | B92: 0 | C92: -
A93: Total | C93: =C92 -> -
A94: 4 - Custo de Reposição do Profissional Ausente | C94: Valor (R$)
A95: 4.1 - Substituto nas ausências Legais | B95: =B90 -> 0.095951266 | C95: =C90 -> 239.14
A96: 4.2 - Intrajornada indenizada | B96: =B92 -> 0 | C96: =C93 -> -
A97: Total | C97: =SUM(C95:C96) -> 239.14
A99: MÓDULO 5: INSUMOS DIVERSOS
A100: 5 - Insumos Diversos | C100: Valor (R$)
A101: A - Uniformes | C101: =Insumos!E8 -> 18.51
A102: B – EPI’s | C102: =Insumos!E16 -> 14.17
A103: C – Equipamentos | C103: =Insumos!E25 -> 31.29
A104: Total | C104: =SUM(C101:C103) -> 63.97
A106: MÓDULO 6: CUSTOS INDIRETOS, TRIBUTOS E LUCRO SOBRE O PREÇO FIXO
A107: 6 - Custos Indiretos, Tributos e Lucro | C107: Valor (R$)
A108: A - Custos Indiretos | B108: 0.06 | C108: =ROUND($B108*(C41+C70+C80+C97+C104),2) -> 167.72
A109: B - Lucro | B109: 0.0679 | C109: =ROUND($B109*(C41+C70+C80+C97+C104+C108),2) -> 201.2
A110: C - Tributos | B110: =SUM(B111:B114) -> 0.0865 | C110: =ROUND(((C41+C70+C80+C97+C104+C108+C109)/(1-($B$110)))*$B110,2) -> 299.63
A111: C.1 - Tributos Federais (PIS e COFINS) | B111: =0.0065+0.03 -> 0.0365 | C111: =((C41+C70+C80+C97+C104+C108+C109)/(1-($B$110)))*$B111 -> 126.43384
A112: C.2 - Tributos Estaduais (especificar)
...

Sheet Estimativa Afastamentos
A1: Estimativa Afastamentos
A4: Média de faltas anuais por motivos legais
A5: Ausência justificada | C5: 1
A6: Afastamento por doença | C6: 2.5
A7: Consulta médica filho | C7: 0.2688
A8: Curso de reciclagem | C8: 0
A9: Óbitos na família | C9: 0.0305
A10: Casamento | C10: 0.0177
A11: Doação de sangue | C11: 0.02
A12: Testemunho | C12: 0.004
A13: Consulta pré-natal | C13: 0.0014
A14: Total | C14: =SUM(C5:C13) -> 3.8424
A17: Licença Paternidade
A18: Percentual de Homens: | D18: 0.5167
A19: Expectativa anual de nascimento de filhos dos trabalhadores (IBGE): | D19: 0.015
A20: Percentual de homens no serviço: | D20: 1
A21: Duração da Licença Paternidade (em dias) | D21: 5
A24: Ausências por acidente de trabalho
A25: Média de faltas anuais por acidente de trabalho: | D25: 0.6913
A28: Afastamento Maternidade
A29: Percentual de Mulheres: | D29: 0
A30: Expectativa mensal Afastastamento Maternidade(Censo IBGE): | D30: 0.0032

Sheet Benefícios
A1: BENEFÍCIOS MENSAIS E DIÁRIOS
A3: Memória de Cálculo
A6: AUXÍLIO TRANSPORTE | B6: BILHETES | C6: DIAS | D6: VALOR DA TARIFA | E6: VALOR MENSAL
A7: Quantidade de viagens/mês (2 bilhetes * 22 dias) | B7: 2 | C7: 22 | D7: 3.7 | E7: =B7*C7*D7 -> 162.8
A8: Parcela do empregado (6% salário base mensal) | E8: =ROUND('Planilha Estimativa'!C35*0.06,2) -> 74.4
A9: Custo Mensal | E9: =(E7-E8) -> 88.4
A12: AUXÍLIO ALIMENTAÇÃO | C12: VALOR UNITÁRIO | D12: EMPREGADO (ESTIPULADO NA CCT) | E12: VALOR MENSAL
C13: =ROUND(19.5*22,2) -> 429 | D13: 0.25 | E13: =C13-D13 -> 428.75
A16: SEGURO DE VIDA | C16: Custo Anual por Empregado | D16: Parte do Empregado | E16: VALOR MENSAL
C17: =8.5*12 -> 102 | E17: =ROUND((C17-D17)/12,2) -> 8.5

Sheet Insumos
A1: INSUMOS
A3: ITEM | B3: CUSTO UNITÁRIO (R$) | C3: UTILIZAÇÃO (MESES) | D3: QTD | E3: CUSTO MENSAL (R$)
A4: UNIFORMES
A5: Jaleco de brim pesado profissional, manga curta. resistência à rasgos e abrasões em geral. | B5: 53.68 | C5: 12 | D5: 2 | E5: =ROUND(B5*D5/C5,2) -> 8.95
A6: A Calça confeccionada em brim. Quatros bolsos chapados e passante para o cinto. Resistência a rasgos e abrasões em geral. | B6: 39.74 | C6: 12 | D6: 2 | E6: =ROUND(B6*D6/C6,2) -> 6.62
A7: Meia tipo soquete comum. Confeccionada em Algodão. Com formato anatômico no calcanhar. | B7: 5.87 | C7: 12 | D7: 6 | E7: =ROUND(B7*D7/C7,2) -> 2.94
A8: TOTAL UNIFORMES | E8: =ROUND(SUM(E5:E7),2) -> 18.51
A9: EPI’s
A10: Capacete - para uso na indústria, Tipo II, injetado em polietileno de alta densidade, com carneira em polietileno de baixa densidade, tira absorvente de suor, ajuste da suspensão através de pinos. proteger a cabeça contra impactos e Perfurações. | B10: 15.94 | C10: 12 | D10: 1 | E10: =ROUND(B10*D10/C10,2) -> 1.33
A11: Máscara de proteção contra pó cx c/100 - respirador de classe PFF-1 testado conforme norma NBR 13698 para Peças Semi Faciais Filtrante. | B11: 1.72 | C11: 12 | D11: 1 | E11: =ROUND(B11*D11/C11,2) -> 0.14
A12: Botina de couro - bico de aço, aprovado para proteção dos pés do usuário contra impactos de quedas de objetos sobre os artelhos e contra agentes abrasivos e escoriantes.observação:ensaiado para proteção contra impacto no nível de energia de no mínimo 200 j e contra a carga de compressão de no mínimo 15 kn. | B12: 43.19 | C12: 12 | D12: 2 | E12: =ROUND(B12*D12/C12,2) -> 7.2
A13: Cinto segurança, protetor de coluna lombar com suspensório proteção da coluna vertebral, cinta do tipo lombar, para movimentação manual de cargas. Confeccionada em elástico resistente, fechos e ajuste em velcro, barbatanas e suspensório regulável | B13: 44.01 | C13: 12 | D13: 1 | E13: =ROUND(B13*D13/C13,2) -> 3.67
A14: Luva de segurança, confeccionada em vaqueta, palma em vaqueta, com reforço. Indicada para uso nas áreas de carga e descarga de materiais, construção civil, indústria moveleira, mineração, montagem de estruturas metálicas e trabalhos de manutenção em geral. | B14: 18.05 | C14: 12 | D14: 1 | E14: =ROUND(B14*D14/C14,2) -> 1.5
A15: Óculos de proteção com lentes em policarbonato com tratamento anti-riscos. Abas laterais de proteção. Resistente a impactos e choques físicos de materiais sólidos e líquidos como: fragmentos de madeira, ferro, respingos de produtos ácidos, cáusticos, entre outros.Proteção contra raios UVA e UVB. | B15: 3.97 | C15: 12 | D15: 1 | E15: =ROUND(B15*D15/C15,2) -> 0.33
A16: TOTAL EPI’S | E16: =ROUND(SUM(E10:E15),2) -> 14.17
A17: EQUIPAMENTOS
A18: Carro plataforma em estrutura metálica, assoalho de chapa metálica, aba frontal fixa. Com rodas maciças. Material: Aço carbono. Capacidade mínima 300 kg. | B18: 1212.98 | C18: 30 | D18: 1 | E18: =ROUND(B18*D18/C18,2) -> 40.43
A19: Carro de armazém - fabricado em aço carbono. Quantidade de Rodas 2 roda(s). Tipo de Roda: Maciça Material das Rodas Metal. Uso Indicado Para para cargas e descargas em comércios e obras. | B19: 361.86 | C19: 30 | D19: 1 | E19: =ROUND(B19*D19/C19,2) -> 12.06
A20: Jogo composto por chaves combinada em milimetros (mm) - Composição do Jogo: 6; 7; 8; 9; 10; 11; 12; 13; 14; 15; 16; 17; 18; 19; 20; 21; 22 mm. - Fabricadas conforme normas DIN 3113 forma A, ISO 3318 e ISO 7738. Aço cromo vanádio | B20: 228.28 | C20: 30 | D20: 1 | E20: =ROUND(B20*D20/C20,2) -> 7.61
A21: Jogo de chave phillips e fenda com haste em cromo vanádio e acabamento niquelado e polido, com ponta magnética. Alta resistência a impactos, cabo fabricado em PVC rígido injetado diretamente sob a lâmina. | B21: 48.9 | C21: 30 | D21: 1 | E21: =ROUND(B21*D21/C21,2) -> 1.63
A22: Comprimento total do alicate: 8'' - 203 mm. Material do corpo do alicate: Aço cromo vanádio. Acabamento do alicate: Polido. Tipo do cabo do alicate.: Cabo isolado 1000 V | B22: 25.15 | C22: 30 | D22: 1 | E22: =ROUND(B22*D22/C22,2) -> 0.84
A23: TOTAL EQUIPAMENTOS | E23: =ROUND(SUM(E18:E22),2) -> 62.57
A24: Nº DE POSTOS | E24: ='Planilha Estimativa'!B19 -> 2
A25: TOTAL EQUIPAMENTOS | E25: =ROUND(E23/E24,2) -> 31.29
A27: CUSTO MENSAL INSUMOS DIVERSOS | E27: =SUM(E8+E16+E25) -> 63.97
